 Dungeon Crawl Stone Soup version 0.29.0-4-gdea44cf6ec (webtiles) character file.

Game seed: 1127456025519508113

786 qw the Grappler (level 7, -2/59 HPs)
             Began as a Ghoul Fire Elementalist on Aug 29, 2022.
             Slain by a gnoll
             ... wielding a +0 halberd
             ... led by a gnoll sergeant
              (10 damage)
             ... on level 5 of the Dungeon.
             The game lasted 00:03:41 (4981 turns).

qw the Grappler (Ghoul Fire Elementalist)           Turns: 4981, Time: 00:03:41

Health: -2/59      AC:  8    Str: 14    XL:     7   Next: 87%
Magic:  8/8        EV:  6    Int: 10    God:
Gold:   156        SH:  0    Dex:  9    Spells: 8/9 levels left

rFire   . . .      SeeInvis .     - Unarmed
rCold   + . .      Faith    .   (no shield)
rNeg    + + +      Spirit   .   a - +0 chain mail
rPois   inf        Reflect  .   (no helmet)
rElec   .          Harm     .   k - scarf {repulsion}
rCorr   .          Rampage  .   (no gloves)
Will    .....                   (no boots)
Stlth   ..........              g - amulet of regeneration
HPRegen 0.00/turn               (no ring)
MPRegen 0.11/turn               (no ring)

@: inhibited regen, repel missiles
A: claws 1, cold resistance 1, negative energy resistance 3, inhibited
regeneration, torment resistance 2, devour on kill
a: no special abilities


You were on level 5 of the Dungeon.
You visited 1 branch of the dungeon, and saw 5 of its levels.

You collected 251 gold pieces.
You spent 95 gold pieces at shops.


Innate Abilities, Weirdness & Mutations

You are immune to poison.
You have sharp fingernails.
Your flesh is cold resistant. (rC+)
You are immune to negative energy. (rN+++)
You do not regenerate when monsters are visible.
You are immune to unholy pain and torment.
You thrive by killing the living.


   Skills:
 - Level 4.0 Fighting
 + Level 1.0 Armour
 - Level 1.7 Dodging
 - Level 2.1 Stealth
 - Level 8.0 Unarmed Combat
 - Level 1.7 Spellcasting
 - Level 0.7 Conjurations
 - Level 2.4 Fire Magic


You had 8 spell levels left.
You knew the following spells:

 Your Spells              Type           Power      Damage    Failure   Level
a - Foxfire               Conj/Fire      16%        2x1d4     99%         1

Your spell library contained the following spells:

 Spells                   Type           Power      Damage    Failure   Level
 Scorch                   Fire           10%        2d5       99%         2
 Conjure Flame            Conj/Fire      4%         6-21      100%        3
 Inner Flame              Hex/Fire       3%         N/A       100%        3
 Flame Wave               Conj/Fire      4%         2d5       100%        4

Inventory:

Missiles
 b - a boomerang (quivered)
Armour
 a - a +0 chain mail (worn)
 k - a scarf of repulsion (worn)
Jewellery
 g - an amulet of regeneration (around neck)
Scrolls
 c - 2 scrolls of identify
 e - a scroll of silence {unknown}
 l - a scroll of enchant armour
Potions
 d - a potion of heal wounds {unknown}
 h - 2 potions of curing
 i - 2 potions of ambrosia {unknown}
 j - a potion of haste

Dungeon Overview and Level Annotations

Branches:
Dungeon (5/15)
 Temple: D:4-7

Altars:
Ashenzari
Vehumet

Shops:
D:4 ?


Message History

The ufetubus hits you but does no damage.
You closely miss the ufetubus.
The ufetubus is severely wounded.
The ufetubus hits you but does no damage.
The ufetubus hits you. The gnoll completely misses you.
The gnoll hits you but does no damage.
You scratch the ufetubus.
You kill the ufetubus!
The gnoll hits you from afar with a +0 halberd.
The gnoll hits you but does no damage.
The gnoll sergeant hits you from afar with a +0 spear.
You scratch the gnoll.
The gnoll is heavily wounded.
The gnoll sergeant hits you from afar with a +0 spear.
The gnoll hits you but does no damage.
The gnoll hits you from afar with a +0 halberd.
4971 ||| Stepping ~*~*~tactically~*~*~ (outnumbered).
The gnoll attacks as you move away! The gnoll hits you but does no damage.
4972 ||| Stepping ~*~*~tactically~*~*~ (outnumbered).
The gnoll attacks as you move away! The gnoll hits you with a +0 flail.
4973 ||| Stepping ~*~*~tactically~*~*~ (outnumbered).
The gnoll attacks as you move away! The gnoll hits you with a +0 club!
The gnoll attacks as you move away! The gnoll hits you but does no damage.
4974 ||| Stepping ~*~*~tactically~*~*~ (outnumbered).
4975 ||| Stepping ~*~*~tactically~*~*~ (outnumbered).
The gnoll attacks as you move away! The gnoll completely misses you.
The gnoll attacks as you move away! The gnoll hits you but does no damage.
4976 ||| Stepping ~*~*~tactically~*~*~ (outnumbered).
4977 ||| Stepping ~*~*~tactically~*~*~ (outnumbered).
The gnoll attacks as you move away! The gnoll hits you but does no damage.
You scratch the gnoll but do no damage. You closely miss the gnoll.
Your claw misses the gnoll. The gnoll hits you with a +0 flail.
The gnoll sergeant hits you from afar with a +0 spear.
The gnoll hits you from afar with a +0 halberd.
You claw the gnoll!
You kill the gnoll!
Your Fighting skill increases to level 4!
The gnoll hits you with a +0 club! The gnoll hits you with a +0 halberd!
You die...

#..##...#F7~# #..
#..##...#7~7# #....
..#####...#### #......
..........## ##........
...........## ##..........
.##.........## ##...........
#..........#####!...........
##..........##.g............
####.........@g............
########.).g............
#..#.............
##.##..(.........
#.###........... #..
##..........
#..##...........
#..#..####..#### ##...# ###


You could see a gnoll sergeant and 2 gnolls.

Vanquished Creatures
  Sigmund (D:2)
  A phantom (D:4)
  A scorpion (D:4)
  A hound (D:4)
  3 orc priests
  A jelly (D:5)
  3 iguanas
  Ijyb (D:3)
  Natasha (D:2)
  An orc wizard (D:4)
  An adder (D:2)
  8 gnolls
  An ufetubus (D:5)
  2 worms
  2 dart slugs (D:1)
  8 orcs
  4 bats
  6 endoplasms
  9 goblins
  4 hobgoblins
  6 jackals
  2 quokkas (D:1)
  9 ball pythons
  3 frilled lizards
  5 kobolds
  2 rats (D:1)
86 creatures vanquished.

Notes
Turn   | Place    | Note
-------+----------+-------------------------------------------
     0 | D:1      | qw the Ghoul Fire Elementalist began the quest for the Orb.
     0 | D:1      | Reached XP level 1. HP: 14/14 MP: 2/2
     0 | D:1      | 0 ||| qw: Version: 0.1-a-90-g952f4b7
     0 | D:1      | 0 ||| qw: Game counter: 3951
     0 | D:1      | 0 ||| qw: Always use a shield: true
     0 | D:1      | 0 ||| qw: God list: Okawaru
     0 | D:1      | 0 ||| qw: Allow faded altars: false
     0 | D:1      | 0 ||| qw: Do Orc after D:15 true
     0 | D:1      | 0 ||| qw: Do second Lair branch before Depths: true
     0 | D:1      | 0 ||| qw: Lair rune preference: random
     0 | D:1      | 0 ||| qw: Plans: Normal
     0 | D:1      | 0 ||| PLANNING D:1-11
   191 | D:1      | Reached skill level 1 in Unarmed Combat
   192 | D:1      | 192 ||| Stepping ~*~*~tactically~*~*~ (hiding).
   294 | D:1      | 294 ||| Stepping ~*~*~tactically~*~*~ (hiding).
   309 | D:1      | HP: 2/15 [frilled lizard (2)]
   311 | D:1      | Reached skill level 1 in Fighting
   311 | D:1      | Reached XP level 2. HP: 4/23 MP: 3/3
   617 | D:1      | 617 ||| Stepping ~*~*~tactically~*~*~ (stealth).
   890 | D:1      | Reached skill level 2 in Unarmed Combat
  1142 | D:1      | Reached XP level 3. HP: 20/28 MP: 4/4
  1262 | D:1      | 1262 ||| Stepping ~*~*~tactically~*~*~ (stealth).
  1327 | D:1      | 1327 ||| Stepping ~*~*~tactically~*~*~ (hiding).
  1429 | D:1      | 1429 ||| Stepping ~*~*~tactically~*~*~ (hiding).
  1531 | D:1      | 1531 ||| Stepping ~*~*~tactically~*~*~ (hiding).
  1633 | D:1      | 1633 ||| Stepping ~*~*~tactically~*~*~ (hiding).
  1716 | D:1      | 1716 ||| UPGRADING to +0 scale mail.
  1726 | D:1      | 1726 ||| DROPPING +0 robe.
  1727 | D:1      | 1727 ||| DROPPING amulet of faith.
  1728 | D:1      | 1728 ||| UPGRADING to amulet of regeneration.
  1733 | D:1      | 1733 ||| READING scroll labelled ZECAUG AJ YLOA.
  1734 | D:1      | 1734 ||| DROPPING potion of magic.
  1773 | D:2      | Reached skill level 3 in Unarmed Combat
  1958 | D:2      | Noticed Natasha
  1966 | D:2      | Killed Natasha
  1967 | D:2      | Reached XP level 4. HP: 22/35 MP: 5/5
  2118 | D:2      | Found a faded altar of an unknown god.
  2284 | D:2      | Noticed Sigmund
  2285 | D:2      | 2285 ||| Stepping ~*~*~tactically~*~*~ (hiding).
  2306 | D:2      | Killed Sigmund
  2307 | D:2      | Reached skill level 6 in Unarmed Combat
  2307 | D:2      | Reached XP level 5. HP: 32/40 MP: 6/6
  2307 | D:2      | Reached XP level 6. HP: 38/47 MP: 7/7
  2313 | D:2      | 2313 ||| Stepping ~*~*~tactically~*~*~ (stealth).
  2314 | D:2      | 2314 ||| Stepping ~*~*~tactically~*~*~ (stealth).
  2315 | D:2      | 2315 ||| Stepping ~*~*~tactically~*~*~ (stealth).
  2481 | D:2      | 2481 ||| Stepping ~*~*~tactically~*~*~ (stealth).
  2874 | D:2      | 2874 ||| READING scroll labelled OBEARA ILUSO.
  2875 | D:2      | 2875 ||| DRINKING 3 glowing puce potions.
  3046 | D:3      | 3046 ||| Stepping ~*~*~tactically~*~*~ (stealth).
  3047 | D:3      | 3047 ||| Stepping ~*~*~tactically~*~*~ (stealth).
  3071 | D:3      | 3071 ||| FLEEEEING.
  3072 | D:3      | 3072 ||| FLEEEEING.
  3073 | D:3      | 3073 ||| FLEEEEING.
  3074 | D:3      | 3074 ||| FLEEEEING.
  3081 | D:3      | 3081 ||| FLEEEEING.
  3082 | D:3      | 3082 ||| FLEEEEING.
  3083 | D:3      | 3083 ||| FLEEEEING.
  3084 | D:3      | 3084 ||| FLEEEEING.
  3085 | D:3      | 3085 ||| FLEEEEING.
  3140 | D:3      | Noticed Ijyb
  3140 | D:3      | Paralysed by Ijyb for 5 turns
  3158 | D:3      | Paralysed by Ijyb for 4 turns
  3170 | D:3      | Killed Ijyb
  3184 | D:3      | 3184 ||| FLEEEEING.
  3372 | D:3      | 3372 ||| Stepping ~*~*~tactically~*~*~ (outnumbered).
  3373 | D:3      | 3373 ||| Stepping ~*~*~tactically~*~*~ (outnumbered).
  3374 | D:3      | 3374 ||| Stepping ~*~*~tactically~*~*~ (hiding).
  3382 | D:3      | Reached skill level 3 in Fighting
  3386 | D:3      | HP: 9/51 [orc priest/+0 flail (4)]
  3389 | D:3      | Reached skill level 1 in Armour
  3775 | D:3      | 3775 ||| UPGRADING to +0 chain mail.
  3785 | D:3      | 3785 ||| DROPPING +0 scale mail.
  3786 | D:3      | 3786 ||| DRINKING 2 fuming golden potions.
  3787 | D:3      | 3787 ||| READING 2 scrolls of identify.
  3787 | D:3      | 3787 ||| IDENTIFYING gluggy blue potion
  3788 | D:3      | 3788 ||| DROPPING potion of brilliance.
  3847 | D:4      | Found a radiant altar of Vehumet.
  3849 | D:4      | 3849 ||| Stepping ~*~*~tactically~*~*~ (stealth).
  3897 | D:4      | Reached XP level 7. HP: 57/57 MP: 8/8
  4070 | D:4      | 4070 ||| Stepping ~*~*~tactically~*~*~ (stealth).
  4072 | D:4      | 4072 ||| Stepping ~*~*~tactically~*~*~ (stealth).
  4074 | D:4      | 4074 ||| Stepping ~*~*~tactically~*~*~ (hiding).
  4085 | D:4      | Reached skill level 7 in Unarmed Combat
  4085 | D:4      | 4085 ||| FLEEEEING.
  4134 | D:4      | 4134 ||| Stepping ~*~*~tactically~*~*~ (outnumbered).
  4217 | D:4      | 4217 ||| Stepping ~*~*~tactically~*~*~ (stealth).
  4261 | D:4      | Found Paivimal's Magic Scroll Shop.
  4269 | D:4      | 4269 ||| BUYING scroll of enchant armour (75 gold).
  4269 | D:4      | Bought a scroll of enchant armour for 75 gold pieces
  4269 | D:4      | 4269 ||| BUYING scroll of identify (20 gold).
  4269 | D:4      | Bought a scroll of identify for 20 gold pieces
  4282 | D:4      | Reached skill level 8 in Unarmed Combat
  4553 | D:4      | 4553 ||| UPGRADING to scarf of repulsion.
  4558 | D:4      | 4558 ||| DROPPING ring of flight.
  4559 | D:4      | 4559 ||| READING scroll labelled JEACWEATAI.
  4560 | D:4      | 4560 ||| DRINKING 3 ruby potions.
  4561 | D:4      | 4561 ||| READING 2 scrolls of identify.
  4561 | D:4      | 4561 ||| IDENTIFYING golden potion
  4562 | D:4      | 4562 ||| DROPPING 2 potions of lignification.
  4563 | D:4      | 4563 ||| DROPPING potion of berserk rage.
  4615 | D:5      | Entered Level 5 of the Dungeon
  4819 | D:5      | Found a broken altar of Ashenzari.
  4823 | D:5      | Saw a vision of the Swamp and the Snake Pit.
  4823 | D:5      | Noticed a naga sharpshooter
  4823 | D:5      | Noticed a shock serpent
  4823 | D:5      | Noticed a salamander
  4823 | D:5      | Noticed a goliath frog
  4823 | D:5      | Noticed a mana viper
  4823 | D:5      | Noticed a black mamba
  4824 | D:5      | Noticed a shock serpent
  4824 | D:5      | Noticed a naga mage
  4971 | D:5      | 4971 ||| Stepping ~*~*~tactically~*~*~ (outnumbered).
  4972 | D:5      | 4972 ||| Stepping ~*~*~tactically~*~*~ (outnumbered).
  4973 | D:5      | 4973 ||| Stepping ~*~*~tactically~*~*~ (outnumbered).
  4974 | D:5      | 4974 ||| Stepping ~*~*~tactically~*~*~ (outnumbered).
  4975 | D:5      | 4975 ||| Stepping ~*~*~tactically~*~*~ (outnumbered).
  4976 | D:5      | 4976 ||| Stepping ~*~*~tactically~*~*~ (outnumbered).
  4977 | D:5      | 4977 ||| Stepping ~*~*~tactically~*~*~ (outnumbered).
  4979 | D:5      | HP: 14/58 [gnoll/+0 halberd[a gnoll sergeant] (1)]
  4981 | D:5      | Slain by a gnoll

Levels and vault maps discovered:
D:1:      lemuel_arrival_behind_the_door_small, layout_rooms
D:2:      layout_loops_corners, hellmonk_ecumenical_altar_zigzags, uniq_natasha,
          uniq_sigmund
D:3:      layout_loops_ring, uniq_ijyb
D:4:      layout_loops_ring, vehumet_altar_wand_db, serial_shops, shop,
          minmay_misc_feat_tiny
D:5:      layout_cave_pods, grunt_ashenzari_visionary
          [grunt_ashenzari_visionary_swamp, grunt_ashenzari_visionary_snake]

Skill      XL: |  1  2  3  4  5  6  7 |
---------------+----------------------+-----
Unarmed Combat | 1 2 3 6 8 |  8.0
Fighting       | 1 3 4 |  4.0
Armour         | 1 |  1.0
Dodging        | |  1.7
Stealth        | |  2.1
Spellcasting   | |  1.7
Conjurations   | |  0.7
Fire Magic     | |  2.4

Action                   |  1- 3 |  4- 6 |  7- 9 || total
-------------------------+-------+-------+-------++-------
Melee: Unarmed           |   124 |   129 |    75 ||   328
       Punch             |     2 |     5 |     6 ||    13
Throw: Boomerang         |       |    24 |    30 ||    54
  Use: Scroll            |     1 |     2 |     2 ||     5
       Potion            |       |     2 |     1 ||     3
Armor: Robe              |    10 |       |       ||    10
       Scale mail        |    11 |    32 |       ||    43
       Chain mail        |       |     5 |    33 ||    38
Dodge: Dodged            |    51 |    29 |    17 ||    97

Table legend:
 A = Non-vault XP
 B = Vault XP
 C = Vault XP percentage of total XP
 D = Non-vault monster count
 E = Vault monster count
 F = Vault count percentage of total count
                 A         B        C        D         E       F
            +---------+---------+-------+---------+---------+-------
      Total |     811 |     313 |  27.8 |      82 |       4 |   4.7
            +---------+---------+-------+---------+---------+-------
        D:1 |      42 |       0 |   0.0 |      24 |       0 |   0.0
        D:2 |      32 |     275 |  89.6 |      10 |       2 |  16.7
        D:3 |     172 |      36 |  17.3 |      23 |       1 |   4.2
        D:4 |     463 |       2 |   0.4 |      21 |       1 |   4.5
        D:5 |     102 |       0 |   0.0 |       4 |       0 |   0.0
            +---------+---------+-------+---------+---------+-------
